 Dungeon Crawl Stone Soup version 0.31-a0-1002-g8e65716e6e (webtiles) character file.

Game seed: 2717232825741057929

170 BinkBink the Trooper (level 5, -1/47 HPs)
             Began as a Ghoul Monk on Nov 10, 2023.
             Was a Priest of Makhleb.
             Slain by a water moccasin (7 damage)
             ... in a sewer.
             The game lasted 00:04:46 (2237 turns).

BinkBink the Trooper (Ghoul Monk)                   Turns: 2237, Time: 00:04:46

Health: -1/47      AC:  6    Str: 17    XL:     5   Next: 50%
Magic:  4/4        EV: 10    Int:  5    God:    Makhleb [***...]
Gold:   124        SH:  0    Dex: 11    Spells: 4/4 levels left

rFire   . .          .
                       - Unarmed
rCold   + . .        c - orb {light}
rNeg    + + +        j - +0 scale mail
rPois   ∞            (no helmet)
rElec   .            (no cloak)
rCorr   .            (no gloves)
SInv    .            (no boots)
Will    .....        (no amulet) Stlth
                     (no ring)
HPRegen 0.00/turn    (no ring)
MPRegen 0.09/turn

%: no passive effects
@: inhibited regen, glowing
A: claws 1, cold resistance 1, negative energy resistance 3, inhibited
regeneration, torment resistance 2, devour on kill
a: Renounce Religion, Minor Destruction, Lesser Servant of Makhleb


You were in a sewer.
You worshipped Makhleb.
Makhleb was most pleased with you.
You visited 1 branch of the dungeon, and saw 4 of its levels.
You also visited: Sewer.

You collected 124 gold pieces.

Inventory:

Armour
 c - an orb of light (worn)
 j - a +0 scale mail (worn)
Magical Staves
 d - a staff of conjuration
Jewellery
 l - a ring of willpower
Scrolls
 a - 2 scrolls of summoning {unknown}
 e - a scroll of acquirement {unknown}
 f - 3 scrolls of identify {unknown}
 g - a scroll of immolation {unknown}
 i - a scroll of enchant weapon {unknown}
 k - a scroll of fear {unknown}
 n - 2 scrolls of fog {unknown}
 q - a scroll of brand weapon {unknown}
Potions
 h - a potion of magic {unknown}
 m - a potion of degeneration {unknown}
 o - a potion of cancellation {unknown}
 p - a potion of curing {unknown}


   Skills:
 + Level 4.4 Fighting
 + Level 1.6 Armour
 + Level 3.6 Dodging
 + Level 4.4 Unarmed Combat


You had 4 spell levels left.
You didn't know any spells.
Your spell library contained the following spells:

 Spells                   Type           Power      Damage    Failure   Level
 Teleport Other           Tloc           0%         N/A       99%         3
 Vhi's Electric Charge    Tloc/Air       0%         N/A       100%        4
 Enfeeble                 Hex            0%         N/A       100%        7


Dungeon Overview and Level Annotations

Branches:
Dungeon (4/15)              Sewer (1/1)
 Temple: D:4-7

Altars:
Kikubaaqudgha
Makhleb
Okawaru

Shops:
D:3 :


Innate Abilities, Weirdness & Mutations

You are immune to poison.
You have sharp fingernails.
Your flesh is cold resistant. (rC+)
You are immune to negative energy. (rN+++)
You do not regenerate when monsters are visible.
You are immune to unholy pain and torment.
You thrive by killing the living.


Message History

You scratch the water moccasin.
The water moccasin is heavily wounded.
The water moccasin bites you.
* * * LOW HITPOINT WARNING * * *
You barely miss the water moccasin.
The water moccasin is heavily wounded.
The water moccasin barely misses you. The water moccasin bites you.
* * * LOW HITPOINT WARNING * * *
You barely miss the water moccasin.
The water moccasin is heavily wounded.
The water moccasin bites you.
* * * LOW HITPOINT WARNING * * *
You are confused.
You feel invigorated. The water moccasin closely misses you.
The water moccasin bites you.
* * * LOW HITPOINT WARNING * * *
You enter the shallow water.
Moving in this stuff is going to be slow.
Found a ruby potion.
The water moccasin attacks as it pursues you!
The water moccasin closely misses you. The water moccasin bites you.
* * * LOW HITPOINT WARNING * * *
You barely miss the water moccasin.
The water moccasin is heavily wounded.
The water moccasin bites you.
* * * LOW HITPOINT WARNING * * *
You closely miss the water moccasin.
The water moccasin is heavily wounded.
You feel less invigorated.
You feel less confused. The water moccasin bites you.
* * * LOW HITPOINT WARNING * * *
The water moccasin bites you but does no damage.
You closely miss the water moccasin.
The water moccasin is heavily wounded.
The water moccasin bites you but does no damage.
You claw the water moccasin!
The water moccasin is almost dead.
The water moccasin barely misses you. The water moccasin bites you!
You die...

# # # # ######## ##
###....~.### .#
###.....~....### .#
###.~~~~####.@S.~##.!#
.###...~~### ###~..~.#
.......~## ##.~....#
~###.~...# ~.~..### .#
###.~.~.# ...##~$# .#
###.~.~. ..### /?# ##
##.~.. ## ## # #### #


You could see a water moccasin.

Vanquished Creatures
  An iguana (D:3)
  5 adders
  A river rat (D:4)
  2 worms
  3 dart slugs
  An orc (D:3)
  3 bat zombies (D:3)
  6 endoplasms
  8 giant cockroaches
  4 goblins
  A hobgoblin (D:3)
  8 jackals
  6 kobolds
  2 quokkas
  7 ball pythons
  7 bats
  2 frilled lizards
  5 rats
  2 rat zombies (D:3)
74 creatures vanquished.

Notes
Turn   | Place    | Note
-------+----------+-------------------------------------------
     0 | D:1      | BinkBink the Ghoul Monk began the quest for the Orb.
     0 | D:1      | Reached XP level 1. HP: 19/19 MP: 0/0
   110 | D:1      | Reached XP level 2. HP: 10/26 MP: 1/1
   348 | D:1      | Reached XP level 3. HP: 33/33 MP: 2/2
   478 | D:1      | Found a faded altar of an unknown god.
   751 | D:1      | Prayed at the altar of an unknown god.
   751 | D:1      | Became a worshipper of Makhleb the Destroyer
   751 | D:1      | Reached * piety under Makhleb
   751 | D:1      | Reached ** piety under Makhleb
   987 | D:2      | Reached *** piety under Makhleb
  1070 | D:2      | Reached XP level 4. HP: 38/40 MP: 3/3
  1130 | D:2      | You fall into a shaft and drop 1 floor!
  1130 | D:3      | Identified the "Justumiw"
  1175 | D:3      | Reached skill level 1 in Armour
  1182 | D:3      | Found an iron altar of Okawaru.
  1196 | D:3      | Identified the +0 scale mail "Goihidgh" {+Inv Str-4 Int+2}
  1328 | D:3      | Reached XP level 5. HP: 46/46 MP: 4/4
  1608 | D:3      | Found Wuwku's Book Emporium.
  1741 | D:3      | Found an ancient bone altar of Kikubaaqudgha.
  2166 | D:4      | Found a glowing drain.
  2170 | Sewer    | Entered a sewer
  2216 | Sewer    | Noticed a water moccasin
  2237 | Sewer    | Slain by a water moccasin

Illustrated notes

Levels and vault maps discovered:
D:1:      dpeg_arrival_castle, layout_rooms, shapermc_ecumenical_altar_gd,
          minmay_small_reverse_x
D:2:      layout_loops_corners, serial_bayou_pond_e
D:3:      layout_loops_ring, nicolae_overflow_crystal_walls,
          lemuel_zombie_altar_kikubaaqudgha, serial_shops, shop
D:4:      layout_basic, gup_sewer_entry_spiral
Sewer:    sewer_the_moccasin

Skill      XL: |  1  2  3  4 |
---------------+-------------+-----
Dodging        | 3 |  3.6
Fighting       | 4 |  4.4
Unarmed Combat | 4 |  4.4
Armour         | 1 |  1.6

Action                     |  1- 3 |  4- 6 || total
---------------------------+-------+-------++-------
  Melee: Unarmed           |    78 |   136 ||   214
    Use: Potion            |       |     1 ||     1
 Armour: Robe              |    16 |       ||    16
         Scale mail        |    15 |    93 ||   108
  Dodge: Dodged            |    38 |    72 ||   110

Table legend: (Time is in decaauts)
 A = Elapsed time spent in this place.
 B = Non-inter-level travel time spent in this place.
 C = Inter-level travel time spent in this place.
 D = Time resting spent in this place.
 E = Time spent auto-exploring this place.
 F = Levels seen in this place.
 G = Mean time per level.
                   A        B        C        D        E       F      G
               +--------+--------+--------+--------+--------+-----+--------+
         Total |   2251 |   2054 |    197 |     78 |   1434 |   5 |  450.2 |
       Dungeon |   2181 |   1984 |    197 |     78 |   1393 |   4 |  545.2 |
         Sewer |     69 |     69 |      0 |      0 |     41 |   1 |   69.0 |
               +--------+--------+--------+--------+--------+-----+--------+

Top non-repeatable levels by time:
     D:1: 780 daAuts
     D:3: 778 daAuts
     D:2: 351 daAuts
     D:4: 271 daAuts
   Sewer: 69 daAuts
